 Dungeon Crawl Stone Soup version 0.32-a0-768-g0f6f1dd4b9 (webtiles) character file.

Game seed: 1226987623720037968

177 cforsyth the Firebug (level 5, -3/46 HPs)
             Began as a Mountain Dwarf Cinder Acolyte on Mar 19, 2024.
             Was a High Priest of Ignis.
             Killed by nerve-wracking pain
             ... invoked by an orc priest
              (6 damage)
             ... on level 3 of the Dungeon.
             The game lasted 00:02:43 (3029 turns).

cforsyth the Firebug (MDCA)                         Turns: 3029, Time: 00:02:44

Health: -3/46      AC:  8    Str: 18    XL:     5   Next: 30%
Magic:  3/17       EV:  6    Int: 15    God:    Ignis [*****.]
Gold:   165        SH:  0    Dex:  5    Spells: 6/8 levels left

rFire   + . .        a - -1 hand axe (flame)
rCold   . . .        (no shield)
rNeg    . . .        k - +0 chain mail
rPois   .            (no helmet)
rElec   .            (no cloak)
rCorr   .            (no gloves)
SInv    .            (no boots)
Will    .....        (no amulet) Stlth
                     M - ring of magical power
HPRegen 0.27/turn    (no ring)
MPRegen 0.15/turn

%: no passive effects
@: very slightly contaminated
A: runic magic, artefact enchanting
a: Renounce Religion, Fiery Armour, Foxfire Swarm, Rising Flame


You were on level 3 of the Dungeon.
You worshipped Ignis.
Ignis was extremely pleased with you.
You visited 1 branch of the dungeon, and saw 4 of its levels.

You collected 165 gold pieces.


Innate Abilities, Weirdness & Mutations

Your spellcasting is much less encumbered by armour.
You can use scrolls of enchantment on lesser artefacts.


   Skills:
 + Level 4.2 Fighting
 + Level 4.5 Axes
 + Level 2.3 Armour
 + Level 2.0 Spellcasting
 + Level 4.6 Fire Magic


You had 6 spell levels left.
You knew the following spells:

 Your Spells              Type           Power      Damage    Failure   Level
X - Scorch                Fire           30%        2d6       9%          2

Your spell library contained the following spells:

 Spells                   Type           Power      Damage    Failure   Level
 Summon Ice Beast         Ice/Summ       1%         N/A       75%         3
 Summon Mana Viper        Hex/Summ       1%         N/A       100%        5
 Monstrous Menagerie      Summ           0%         N/A       100%        7

Inventory:

Hand Weapons
 a - a -1 hand axe of flaming (weapon)
Armour
 b - a +0 robe
 k - a +0 chain mail (worn)
Jewellery
 l - an amulet of magic regeneration
 F - a ring of protection from fire
 M - a ring of magical power (left hand)
Scrolls
 e - 2 scrolls of blinking {unknown}
 f - a scroll of fear {unknown}
 g - 5 scrolls of identify {unknown}
 h - 2 scrolls of amnesia {unknown}
 i - 3 scrolls of teleportation {unknown}
Potions
 c - a potion of cancellation {unknown}
 d - a potion of might {unknown}
 j - a potion of heal wounds {@q2}
 m - 2 potions of curing {unknown}
 n - a potion of resistance {unknown}

Dungeon Overview and Level Annotations

Branches:
Dungeon (4/15)
 Temple: D:4-7

Altars:
Okawaru
Vehumet
Zin

Annotations:
D:3 exclusion: statue

#### ...# ##[######
.#.#....########
.#.#.##.#......#
.#.#.##.##.###>######
.#.#.##.##..........#
.#.#.##.##...)......#
.#[#.##.##......@o..#
......#.............#
.#.###......รท...)...####
.#.#.+.................#
##.#.#..............##.#
.#.#.#..............##.#
.#.#.#.....###'##.#.##.#
.#'#.#'#+#.#.#..#.#.##.#
...........#......#.##.#


You could see an orc priest (combustible).


Message History

* * * LOW HITPOINT WARNING * * *
The orc priest hits you with a +3 short sword of holy wrath.
* * * LOW HITPOINT WARNING * * *
The orc priest invokes the aid of Beogh against you.
Beogh smites you!
* * * LOW HITPOINT WARNING * * *
You climb upwards.
Level annotation: exclusion: statue
There is a stone staircase leading down here.
Casting: Scorch (safe; 9% risk of failure)
Confirm with . or Enter, or press ? or * to list all spells.
Flames lash the orc priest.
The orc priest is heavily wounded.
The orc priest's fire resistance burns away.
The orc priest hits you with a +3 short sword of holy wrath.
* * * LOW HITPOINT WARNING * * *
Casting: Scorch (safe; 9% risk of failure)
Confirm with . or Enter, or press ? or * to list all spells.
You miscast Scorch.
You are very lightly contaminated with residual magic.
Nothing appears to happen.
The orc priest hits you with a +3 short sword of holy wrath.
* * * LOW HITPOINT WARNING * * *
Casting: Scorch (safe; 9% risk of failure)
Confirm with . or Enter, or press ? or * to list all spells.
You miscast Scorch.
Nothing appears to happen.
The orc priest calls down the wrath of Beogh upon you.
Pain shoots through your body!
You die...
Ignis goes out, and joins you in death.

Skill      XL: |  1  2  3  4  5 |
---------------+----------------+-----
Armour         | 1 2 |  2.3
Fire Magic     | 4 |  4.6
Axes           | 4 |  4.5
Fighting       | 4 |  4.2
Spellcasting   | 2 |  2.0

Action                     |  1- 3 |  4- 6 || total
---------------------------+-------+-------++-------
  Melee: Hand axe          |   129 |       ||   129
   Cast: Scorch            |     8 |    33 ||    41
    Use: Potion            |     1 |       ||     1
 Armour: Robe              |   105 |     1 ||   106
         Chain mail        |       |    12 ||    12
  Dodge: Dodged            |    95 |     7 ||   102

Levels and vault maps discovered:
D:1:      dpeg_arrival_water_temple_mockup, layout_loops_ring,
          nicolae_ecumenical_snake_handling, minmay_pentomino_r4
D:2:      layout_basic, basic_altar
D:3:      layout_basic, mainiacjoe_overflow_tiny_flanked, vehumet_statue
D:4:      layout_rooms, minmay_shop_grid_forest

Notes
Turn   | Place    | Note
-------+----------+-------------------------------------------
     0 | D:1      | cforsyth the Mountain Dwarf Cinder Acolyte began the quest
                  | for the Orb.
     0 | D:1      | Reached XP level 1. HP: 19/19 MP: 2/2
    76 | D:1      | Reached XP level 2. HP: 20/26 MP: 3/3
   463 | D:1      | Found a faded altar of an unknown god.
   505 | D:1      | Reached skill level 1 in Armour
   710 | D:1      | Reached skill level 4 in Fire Magic
   710 | D:1      | Reached XP level 3. HP: 30/31 MP: 5/5
   912 | D:2      | Reached skill level 4 in Axes
  1126 | D:2      | Learned a level 2 spell: Scorch
  1396 | D:2      | Reached XP level 4. HP: 40/40 MP: 1/6
  1694 | D:2      | Found a glowing silver altar of Zin.
  1759 | D:3      | Found an iron altar of Okawaru.
  2110 | D:3      | Reached skill level 4 in Fighting
  2110 | D:3      | Reached skill level 2 in Armour
  2281 | D:3      | Found a radiant altar of Vehumet.
  2282 | D:3      | Noticed a charred statue
  2634 | D:3      | Reached XP level 5. HP: 46/46 MP: 7/7
  3024 | D:4      | Reached skill level 2 in Spellcasting
  3027 | D:3      | HP: 3/46 [orc priest/+3 short sword of holy wrath (5)]
  3029 | D:3      | Killed from afar by an orc priest

Vanquished Creatures
  A bombardier beetle (D:3)
  An orc wizard (D:4)
  6 adders
  A ribbon worm (D:2)
  2 dart slugs
  4 ball pythons (D:1)
  5 endoplasms
  A giant cockroach (D:2)
  7 goblins
  2 hobgoblins
  A jackal (D:1)
  5 kobolds
  3 quokkas
  7 bats
  6 frilled lizards
  6 rats
58 creatures vanquished.

Table legend: (Time is in decaauts)
 A = Elapsed time spent in this place.
 B = Non-inter-level travel time spent in this place.
 C = Inter-level travel time spent in this place.
 D = Time resting spent in this place.
 E = Time spent auto-exploring this place.
 F = Levels seen in this place.
 G = Mean time per level.
                   A        B        C        D        E       F      G
               +--------+--------+--------+--------+--------+-----+--------+
         Total |   3046 |   2900 |    146 |    275 |   2172 |   4 |  761.5 |
       Dungeon |   3046 |   2900 |    146 |    275 |   2172 |   4 |  761.5 |
               +--------+--------+--------+--------+--------+-----+--------+

Top non-repeatable levels by time:
     D:3: 1199 daAuts
     D:1: 960 daAuts
     D:2: 874 daAuts
     D:4: 12 daAuts

Table legend:
 A = Non-vault XP
 B = Vault XP
 C = Vault XP percentage of total XP
 D = Non-vault monster count
 E = Vault monster count
 F = Vault count percentage of total count
                 A         B        C        D         E       F
            +---------+---------+-------+---------+---------+-------
      Total |     241 |      12 |   4.7 |      52 |       6 |  10.3
            +---------+---------+-------+---------+---------+-------
        D:1 |      36 |      12 |  25.0 |      21 |       6 |  22.2
        D:2 |      58 |       0 |   0.0 |      14 |       0 |   0.0
        D:3 |     108 |       0 |   0.0 |      15 |       0 |   0.0
        D:4 |      39 |       0 |   0.0 |       2 |       0 |   0.0
            +---------+---------+-------+---------+---------+-------
